 Dungeon Crawl Stone Soup version 0.29-a0-338-g1ff7896281 (webtiles) character file.

Game seed: 5857884448773038140

44 siradein the Vandal (level 3, -1/33 HPs)
             Began as a Naga Hunter on Apr 18, 2022.
             Slain by a gnoll
             ... wielding a +0 whip
              (3 damage)
             ... on level 2 of the Dungeon.
             The game lasted 00:02:28 (1175 turns).

siradein the Vandal (Naga Hunter)                   Turns: 1175, Time: 00:02:28

Health: -1/33      AC:  2    Str: 13    XL:     3   Next: 62%
Magic:  3/3        EV: 10    Int:  9    God:
Gold:   53         SH:  0    Dex: 16    Spells: 2/2 levels left

rFire   . . .      SeeInvis +   a - +1 hunting sling
rCold   . . .      Faith    .   (no shield)
rNeg    . . .      Spirit   .   b - +0 leather armour
rPois   +          Reflect  .   (no helmet)
rElec   .          Harm     .   j - scarf {shadows}
rCorr   .          Rampage  .   (no gloves)
Will    .....                   (no barding)
Stlth   ++........              (no amulet)
HPRegen 0.11/turn               (no ring)
MPRegen 0.08/turn               (no ring)

@: very slow
A: AC +1, large, see invisible, deformed body, poison resistance, slowness 2,
spit poison 1, naga tail 1
a: Spit Poison


You were on level 2 of the Dungeon.
You visited 1 branch of the dungeon, and saw 2 of its levels.

You collected 53 gold pieces.

Inventory:

Hand Weapons
 a - a +1 hunting sling (weapon)
Armour
 b - a +0 leather armour (worn)
 j - a scarf of shadows (worn)
Scrolls
 c - a scroll of immolation
 d - a scroll of enchant weapon {unknown}
 e - a scroll of fear {unknown}
 h - 2 scrolls of identify {unknown}
 i - a scroll of teleportation {unknown}
 m - a scroll of vulnerability {unknown}
Potions
 f - a potion of flight {unknown}
 g - 2 potions of curing {unknown}
 k - a potion of might {unknown}
 l - a potion of heal wounds {unknown}


   Skills:
 + Level 2.7 Fighting
 + Level 4.0 Slings
 + Level 2.2 Dodging
 - Level 1.6 Stealth


You had 2 spell levels left.
You didn't know any spells.
Your spell library was empty.

Dungeon Overview and Level Annotations

Branches:
Dungeon (2/15)

Altars:


Innate Abilities, Weirdness & Mutations

Your serpentine skin is tough. (AC +1)
You have supernaturally acute eyesight. (SInv)
Armour fits poorly on your strangely shaped body.
Your system is resistant to poisons. (rPois)
You cover ground very slowly.
You can spit poison.
You have a snake-like lower body.


Message History

You kill the gnoll!
The gnoll hits you with a +0 club.
Your Slings skill increases to level 4!
The gnoll attacks as you move away! The gnoll closely misses you.
Aiming: Spit Poison (2% risk of failure)
Press: ? - help, Shift-Dir - straight line, f - gnoll
Aim: a gnoll, wielding a +0 club (65% to hit)
The splash of poison misses the gnoll.
The splash of poison hits the gnoll!
The gnoll is severely wounded.
The gnoll hits you with a +0 club.
Unknown command.
You shoot a sling bullet. The sling bullet hits the gnoll.
The gnoll is moderately wounded.
The gnoll hits you with a +0 club. x2
You are too injured to fight recklessly!
You are too injured to fight recklessly!
You are too injured to fight recklessly!
You are too injured to fight recklessly!
You are too injured to fight recklessly!
Fire: a) +1 hunting sling
Press: ? - help, Q - select action, (/) - cycle Shift-Dir - straight line, f/p - gnoll
Aim: a gnoll, wielding a +0 club (moderately wounded, 65% to hit)
You shoot a sling bullet. The sling bullet hits the gnoll.
The gnoll is heavily wounded.
The gnoll closely misses you.
Fire: a) +1 hunting sling
Press: ? - help, Q - select action, (/) - cycle Shift-Dir - straight line, f/p - gnoll
Aim: a gnoll, wielding a +0 club (heavily wounded, 65% to hit)
You shoot a sling bullet. The sling bullet hits the gnoll.
The gnoll is almost dead.
You have got your breath back.
The gnoll hits you with a +0 club!
* * * LOW HITPOINT WARNING * * *
Fire: a) +1 hunting sling
Press: ? - help, Q - select action, (/) - cycle Shift-Dir - straight line, f/p - gnoll
Aim: a gnoll, wielding a +0 club (almost dead, 65% to hit)
You shoot a sling bullet. The sling bullet hits the gnoll!
You kill the gnoll!
The gnoll hits you with a +0 whip.
You die...

+.........+
.........
....... /....
... #g# #.# #g#
##@## ##...##
###
#.....######.#
##...........#
##..######..#
#.###..###.....#
#..........##.##
#####..######.#
#..######.#


You could see 2 gnolls.

Vanquished Creatures
  2 gnolls (D:2)
  2 dart slugs (D:1)
  3 endoplasms (D:1)
  2 giant cockroaches (D:1)
  3 goblins (D:1)
  3 hobgoblins (D:1)
  A kobold (D:1)
  A quokka (D:1)
  3 ball pythons (D:1)
  4 bats (D:1)
  3 frilled lizards (D:1)
  3 rats (D:1)
30 creatures vanquished.

Notes
Turn   | Place    | Note
-------+----------+-------------------------------------------
     0 | D:1      | siradein the Naga Hunter began the quest for the Orb.
     0 | D:1      | Reached XP level 1. HP: 19/19 MP: 1/1
   181 | D:1      | Reached XP level 2. HP: 26/26 MP: 2/2
   473 | D:1      | Reached XP level 3. HP: 22/33 MP: 3/3
  1169 | D:2      | Reached skill level 4 in Slings
  1175 | D:2      | Slain by a gnoll

Illustrated notes

Levels and vault maps discovered:
D:1:      psy_arrival_radial01, layout_basic
D:2:      layout_loops_corners, serial_forest, infiniplex_forest_lined_corner,
          infiniplex_forest_lined_ring, infiniplex_forest_straight_2,
          infiniplex_forest_zigzag_1, infiniplex_forest_straight_2,
          infiniplex_forest_pool, infiniplex_forest_clump_long,
          infiniplex_forest_end_double, infiniplex_forest_lined_3_way,
          infiniplex_forest_end_3, corner_web_ring, uniq_natasha, uniq_terence

Skill      XL: |  1  2  3 |
---------------+----------+-----
Dodging        | 2 |  2.2
Slings         | 4 |  4.0
Fighting       | |  2.7
Stealth        | |  1.6

Action                   || total
-------------------------++-------
 Fire: Hunting sling     ||    78
 Abil: Spit Poison       ||     1
Armor: Leather armour    ||     9
Dodge: Dodged            ||    18

Table legend: (Time is in decaauts)
 A = Elapsed time spent in this place.
 B = Non-inter-level travel time spent in this place.
 C = Inter-level travel time spent in this place.
 D = Time resting spent in this place.
 E = Time spent auto-exploring this place.
 F = Levels seen in this place.
 G = Mean time per level.
                   A        B        C        D        E       F      G
               +--------+--------+--------+--------+--------+-----+--------+
         Total |   1560 |   1531 |     29 |      0 |   1338 |   2 |  780.0 |
       Dungeon |   1560 |   1531 |     29 |      0 |   1338 |   2 |  780.0 |
               +--------+--------+--------+--------+--------+-----+--------+

Top non-repeatable levels by time:
     D:1: 1463 daAuts
     D:2: 97 daAuts
